 Dungeon Crawl Stone Soup version 0.31-a0-188-g5e087ee2ca (webtiles) character file.

Game seed: 108573640209180829

25 qw the Shooter (level 2, -1/16 HPs)
             Began as a Deep Elf Hunter on June 23, 2023.
             Slain by a gnoll
             ... wielding a +0 spear
              (8 damage)
             ... on level 2 of the Dungeon.
             The game lasted 00:00:18 (767 turns).

qw the Shooter (Deep Elf Hunter)                     Turns: 767, Time: 00:00:18

Health: -1/16      AC:  4    Str:  8    XL:     2   Next: 86%
Magic:  4/4        EV:  6    Int: 13    God:
Gold:   23         SH:  0    Dex: 18    Spells: 1/1 levels left

rFire   . . .        Y - +0 shortbow
rCold   . . .        (shield currently unavailable)
rNeg    . . .        c - +0 leather armour
rPois   .            (no helmet)
rElec   .            i - +0 cloak
rCorr   .            (no gloves)
SInv    .            (no boots)
Will    .....        (no amulet)
Stlth   ++           (no ring)
HPRegen 0.22/turn    (no ring)
MPRegen 0.09/turn

%: no passive effects
@: held
A: no striking features
a: no special abilities


You were on level 2 of the Dungeon.
You visited 1 branch of the dungeon, and saw 2 of its levels.

You collected 45 gold pieces.
You spent 22 gold pieces at shops.


   Skills:
 - Level 1.5 Fighting
 + Level 6.5 Ranged Weapons
 - Level 2.4 Dodging
 - Level 1.2 Stealth


You had one spell level left.
You didn't know any spells.
Your spell library was empty.

Inventory:

Hand Weapons
 Y - a +0 shortbow (weapon)
Armour
 c - a +0 leather armour (worn)
 i - a +0 cloak (worn)
Scrolls
 f - a scroll of identify
Potions
 e - a potion of enlightenment
 g - a potion of ambrosia {unknown}

Dungeon Overview and Level Annotations

Branches:
Dungeon (2/15)

Altars:

Shops:
D:1 ![??*

Annotations:
D:2 exclusion: gnoll


Message History

The bat misses you.
You shoot an arrow. The arrow barely misses the bat.
The bat barely misses you.
You shoot an arrow. The arrow hits the bat!
You kill the bat!
A bat comes into view.
You shoot an arrow. The arrow hits the bat.
You kill the bat!
You hear a shout!
A kobold comes into view. It is wielding a +0 dagger.
You shoot an arrow. The arrow closely misses the kobold.
You shoot an arrow. The arrow hits the kobold.
The kobold is moderately wounded.
You shoot an arrow. The arrow hits the kobold.
You kill the kobold!
You see here a +0 dagger.
You enter the shallow water.
Moving in this stuff is going to be slow.
You now have enough gold to buy a scroll of identify on D:1, or buy a scroll of identify on D:1.
You can access your shopping list by pressing '$'.
You now have 23 gold pieces (gained 10).
As you open the door, it creaks loudly!
A gnoll comes into view. It is wielding a +0 spear.
The gnoll shouts!
The gnoll completely misses you.
Enter note:
Enter note: You shoot an arrow.
The arrow hits the gnoll but does no damage.
The gnoll throws a throwing net.
The throwing net hits you.
You become entangled in the net!
You struggle against the net.
The gnoll hits you from afar with a +0 spear.
You struggle against the net.
The gnoll hits you from afar with a +0 spear!
Enter note: You tear a large gash into the net.
The gnoll hits you from afar with a +0 spear!
Ouch! That really hurt!
You die...

#####.##.........#
#..#.######### .##.
##......## ...
#...####..######.#
#.P7###.P#.PPP.#..# ##
#77.PP..P.PP..P.P.#.P7
.7P.7P.P..P.......7
7P.7.........P...7
#77..P...###@...7..7
7.......#g'......7
77.P....###.....77
7....P... .......7
.......7P ........P
.....7. P7P..8.8P..
.7PP77 P7........
7......P77


You could see a gnoll.

Vanquished Creatures
  A dart slug (D:1)
  An endoplasm (D:1)
  2 giant cockroaches (D:1)
  3 hobgoblins (D:1)
  2 quokkas (D:1)
  3 ball pythons (D:1)
  4 bats
  4 kobolds
  3 rats (D:1)
23 creatures vanquished.

Notes
Turn   | Place    | Note
-------+----------+-------------------------------------------
     0 | D:1      | qw the Deep Elf Hunter began the quest for the Orb.
     0 | D:1      | Reached XP level 1. HP: 12/12 MP: 3/3
     0 | D:1      | 0 ||| qw: Version: 0.3-a-9-g12657ce
     0 | D:1      | 0 ||| qw: Game counter: 3744
     0 | D:1      | 0 ||| qw: Always use a shield: true
     0 | D:1      | 0 ||| qw: God list: Okawaru
     0 | D:1      | 0 ||| qw: Allow faded altars: false
     0 | D:1      | 0 ||| qw: Do Orc after D:15 true
     0 | D:1      | 0 ||| qw: Do second Lair branch before Depths: true
     0 | D:1      | 0 ||| qw: Lair rune preference: random
     0 | D:1      | 0 ||| qw: Plans: Normal
     0 | D:1      | 0 ||| PLANNING D:1-11
   202 | D:1      | Found Nevvut's Antique Armour Emporium.
   207 | D:1      | Found Natwell's Magic Scroll Emporium.
   211 | D:1      | Found Zenuem's Magic Scroll Shoppe.
   215 | D:1      | 215 ||| SHOPLISTING helmet (117 gold, have 17).
   215 | D:1      | 215 ||| SHOPLISTING polished fire dragon scales (1690 gold,
                  | have 17).
   215 | D:1      | 215 ||| SHOPLISTING ring mail (104 gold, have 17).
   224 | D:1      | 224 ||| SHOPLISTING scroll of enchant weapon (82 gold, have
                  | 17).
   224 | D:1      | 224 ||| SHOPLISTING scroll of teleportation (33 gold, have
                  | 17).
   231 | D:1      | 231 ||| BUYING scroll of identify (22 gold).
   231 | D:1      | Bought a scroll of identify for 22 gold pieces
   231 | D:1      | 231 ||| SHOPLISTING scroll of identify (22 gold, have 1).
   231 | D:1      | 231 ||| SHOPLISTING scroll of teleportation (33 gold, have
                  | 1).
   247 | D:1      | Found Wolil's Distillery.
   253 | D:1      | 253 ||| SHOPLISTING potion of might (44 gold, have 1).
   253 | D:1      | 253 ||| SHOPLISTING potion of mutation (88 gold, have 1).
   262 | D:1      | Reached XP level 2. HP: 16/16 MP: 4/4
   413 | D:1      | Found Duhiguj's General Store.
   417 | D:1      | 417 ||| SHOPLISTING potion of cancellation (88 gold, have
                  | 1).
   417 | D:1      | 417 ||| SHOPLISTING potion of curing (33 gold, have 1).
   417 | D:1      | 417 ||| SHOPLISTING scroll of identify (22 gold, have 1).
   457 | D:1      | Reached skill level 6 in Ranged Weapons
   688 | D:1      | 688 ||| UPGRADING to +0 cloak.
   693 | D:1      | 693 ||| READING 2 scrolls labelled DOSUGEGORI.
   694 | D:1      | 694 ||| READING scroll labelled GADUNT OJIGG.
   695 | D:1      | 695 ||| READING 2 scrolls of identify.
   695 | D:1      | 695 ||| IDENTIFYING smoky purple potion
   696 | D:1      | 696 ||| DROPPING scroll of amnesia.
   697 | D:1      | 697 ||| DROPPING scroll of butterflies.
   767 | D:2      | Slain by a gnoll

Levels and vault maps discovered:
D:1:      dpeg_chamrin_arrival_tetris, layout_basic, serial_shops, shop, shop,
          nicolae_shop_back_alley_shop, nicolae_shop_waterfront, shop,
          hangedman_decor_points
D:2:      wad_woods_settlement, layout_basic, serial_bayou_lagoon_a,
          minmay_splitting_lines, kennysheep_flooded_box, uniq_sigmund

Skill      XL: |  1  2 |
---------------+-------+-----
Ranged Weapons | 6 |  6.5
Fighting       | |  1.5
Dodging        | |  2.4
Stealth        | |  1.2

Action                     || total
---------------------------++-------
   Fire: Shortbow          ||    67
    Use: Scroll            ||     3
 Armour: Leather armour    ||     9
  Dodge: Dodged            ||    21

Table legend:
 A = Non-vault XP
 B = Vault XP
 C = Vault XP percentage of total XP
 D = Non-vault monster count
 E = Vault monster count
 F = Vault count percentage of total count
                 A         B        C        D         E       F
            +---------+---------+-------+---------+---------+-------
      Total |      37 |       0 |   0.0 |      23 |       0 |   0.0
            +---------+---------+-------+---------+---------+-------
        D:1 |      34 |       0 |   0.0 |      20 |       0 |   0.0
        D:2 |       3 |       0 |   0.0 |       3 |       0 |   0.0
            +---------+---------+-------+---------+---------+-------
